 Dungeon Crawl Stone Soup version 0.28-a0-10-g964c8b829e (webtiles) character file.

Game seed: 3417209759967958104

2149 wakim the Blocker (level 9, 0/105 HPs)
             Began as a Formicid Fighter on July 25, 2021.
             Succumbed to a green ugly thing's poison
             ... on level 7 of the Dungeon.
             The game lasted 00:24:03 (6157 turns).

wakim the Blocker (Formicid Fighter)                Turns: 6157, Time: 00:24:04

Health: 0/105      AC: 24    Str: 22    XL:     9   Next: 56%
Magic:  9/9        EV:  2    Int:  8    God:
Gold:   232        SH: 11    Dex: 12    Spells: 8/8 levels left

rFire   . . .      SeeInvis .   a - +0 trident (flame)
rCold   . . .      Faith    .   c - +0 kite shield
rNeg    + + +      Spirit   .   (armour currently unavailable)
rPois   +          Reflect  .   (helmet unavailable)
rElec   .          Harm     .   (cloak currently unavailable)
rCorr   .          Rampage  .   (gloves currently unavailable)
Will    .....                   (boots currently unavailable)
Stlth   +.........              (no amulet)
HPRegen 0.27/turn               (no ring)
MPRegen 0.11/turn               (no ring)

@: lethally poisoned (0 -> -9), tree-form
A: stationary, stasis, torment immunity, boosted hp, permanent stasis, dig
shafts and tunnels, (antennae 3), four strong arms
a: no special abilities


You were on level 7 of the Dungeon.
You were a tree.
You visited 1 branch of the dungeon, and saw 8 of its levels.

You collected 232 gold pieces.

Inventory:

Hand Weapons
 a - a +0 trident of flaming (weapon)
 b - a +0 hand crossbow
 g - a +0 halberd
 j - a +2 spear
Missiles
 k - 4 boomerangs
 n - 31 bolts
Armour
 c - a +0 kite shield (worn)
 f - a +2 cloak (melded)
 l - a +0 chain mail (melded)
Wands
 x - a wand of iceblast (16)
Scrolls
 V - 2 scrolls of vulnerability {!r!r}
Potions
 d - a potion of cancellation {unknown}
 e - a potion of mutation {unknown}
 h - a potion of attraction {unknown}
 i - a potion of degeneration {unknown}
 G - a potion of flight
 L - a potion of lignification {!q}
 N - a potion of might
 O - a potion of resistance


   Skills:
 + Level 6.3 Fighting
 * Level 7.3 Polearms
 + Level 6.3 Armour
 - Level 9.0 Shields


You had 8 spell levels left.
You didn't know any spells.
Your spell library contained the following spells:

 Spells                   Type           Power      Damage    Failure   Level
 Inner Flame              Hex/Fire       0%         N/A       78%         3
 Ozocubu's Armour         Ice            0%         N/A       78%         3
 Cause Fear               Hex            0%         N/A       99%         4
 Ozocubu's Refrigeration  Ice            0%         4d5       100%        7
 Discord                  Hex            0%         N/A       100%        8


Dungeon Overview and Level Annotations

Branches:
Dungeon (8/15)
 Temple: D:4-7         Lair: D:8-11

Altars:

Shops:
D:2 !   D:3 =

Annotations:
D:6 Pikel


Innate Abilities, Weirdness & Mutations

You are a tree.
Your roots penetrate the ground, keeping you stationary.
You cannot be teleported.
You are immune to unholy pain and torment.
Your maximum health is greatly increased.
Your equipment is partially melded.
You cannot be hasted, slowed, berserked, paralysed or teleported.
You can dig through walls and to a lower floor.
((You have a pair of large antennae on your head. (SInv)))
Your four strong arms can wield two-handed weapons with a shield.


Message History

You feel extremely sick.
You block the green ugly thing's attack.
You barely miss the green ugly thing.
The green ugly thing is heavily wounded.
* * * LOW HITPOINT WARNING * * *
You feel extremely sick.
The green ugly thing claws you but does no damage.
It was a potion of berserk rage.
Your stasis prevents you from going berserk.
* * * LOW HITPOINT WARNING * * *
You feel extremely sick.
The green ugly thing closely misses you.
Okay, then.
Really quaff
L - 2 potions of lignification {!q}?
Really quaff the potion of lignification?
You turn into a tree.
Your +2 cloak melds into your body.
Your +0 chain mail melds into your body.
Your roots penetrate the ground.
* * * LOW HITPOINT WARNING * * *
You feel very sick.
The green ugly thing claws you but does no damage.
You hit the green ugly thing. You burn the green ugly thing.
The green ugly thing is heavily wounded.
* * * LOW HITPOINT WARNING * * *
You feel very sick.
You block the green ugly thing's attack.
You hit the green ugly thing. You burn the green ugly thing.
The green ugly thing is heavily wounded.
* * * LOW HITPOINT WARNING * * *
You feel very sick.
You block the green ugly thing's attack.
You barely miss the green ugly thing.
The green ugly thing is heavily wounded.
* * * LOW HITPOINT WARNING * * *
You feel very sick. The green ugly thing claws you!
* * * LOW HITPOINT WARNING * * *
You hit the green ugly thing. You burn the green ugly thing.
The green ugly thing is severely wounded.
You die...

(..... ...... ....#
... ####(####
#....(..#
#..###(..# #u..#
### #### #♣..# ...
... #..## ..
#.##..# . . #.....#
#.# ######.....#
>..#####........###
.# #.....#####..#
####.##### #.>##
###..# #..#


You could see a green ugly thing.

Vanquished Creatures
  Grinder (D:4)
  3 yaks (D:6)
  Edmund (D:6)
  A water moccasin (D:7)
  A sky beast (D:6)
  A black bear (D:4)
  An ogre (D:6)
  Blork the orc (D:4)
  A water moccasin zombie (D:5)
  A scorpion (D:7)
  A water moccasin skeleton (D:7)
  2 killer bees
  3 wights
  2 hounds (D:4)
  2 jellies
  3 orc priests (D:3)
  4 iguanas
  Ijyb (D:3)
  An orc wizard (D:3)
  A scorpion zombie (D:3)
  A killer bee zombie (D:6)
  5 adders
  2 ufetubi
  3 worms
  21 orcs
  4 endoplasms
  5 giant cockroaches
  6 goblins
  4 hobgoblins
  7 jackals
  2 quokkas
  5 ball pythons
  6 bats
  3 frilled lizards
  7 kobolds
  3 rats
116 creatures vanquished.

Notes
Turn   | Place    | Note
-------+----------+-------------------------------------------
     0 | D:1      | wakim the Formicid Fighter began the quest for the Orb.
     0 | D:1      | Reached XP level 1. HP: 18/18 MP: 1/1
   131 | D:1      | Reached XP level 2. HP: 24/24 MP: 2/2
   148 | D:1      | Reached skill level 4 in Shields
   414 | D:1      | Reached XP level 3. HP: 29/29 MP: 3/3
   663 | D:1      | Found a faded altar of an unknown god.
   883 | D:2      | Found Yngo's Distillery.
  1460 | D:2      | Reached XP level 4. HP: 19/36 MP: 4/4
  2068 | D:3      | Reached XP level 5. HP: 42/42 MP: 5/5
  2074 | D:3      | Reached skill level 5 in Shields
  2506 | D:3      | Reached XP level 6. HP: 48/48 MP: 6/6
  2728 | D:3      | Noticed Ijyb
  2743 | D:3      | Killed Ijyb
  2992 | D:3      | Found Sothun's Jewellery Boutique.
  3346 | D:4      | Noticed Grinder
  3464 | D:4      | Reached XP level 7. HP: 55/55 MP: 7/7
  3492 | D:4      | Reached skill level 6 in Shields
  3590 | D:4      | Noticed Blork the orc
  3611 | D:4      | Killed Blork the orc
  3733 | D:4      | Killed Grinder
  3734 | D:4      | Reached skill level 5 in Polearms
  3734 | D:4      | Reached XP level 8. HP: 49/61 MP: 8/8
  3923 | D:4      | Reached skill level 5 in Armour
  3947 | D:4      | Identified the +0 leather armour of Ceumeyng {Harm Stlth+}
  4023 | D:4      | Reached skill level 5 in Fighting
  4199 | D:5      | Entered Level 5 of the Dungeon
  4226 | D:5      | Reached skill level 7 in Shields
  4353 | D:5      | You fall into a shaft and drop 2 floors!
  4817 | D:6      | Noticed a yak
  4846 | D:6      | Killed a yak
  4847 | D:6      | Reached skill level 8 in Shields
  4959 | D:6      | Noticed a yak
  4959 | D:6      | Noticed a yak
  5125 | D:6      | Killed a yak
  5126 | D:6      | Reached XP level 9. HP: 59/69 MP: 9/9
  5244 | D:6      | Noticed Edmund
  5283 | D:6      | Killed Edmund
  5770 | D:6      | Noticed Pikel
  5848 | D:6      | You fall into a shaft and drop 2 floors!
  5878 | D:7      | Reached skill level 9 in Shields
  6137 | D:7      | Noticed a green ugly thing
  6156 | D:7      | HP: 1/105 [green ugly thing (9)]
  6157 | D:7      | Succumbed to a green ugly thing's poison

Illustrated notes

Levels and vault maps discovered:
D:1:      dpeg_arrival_stone_temple_mockup, layout_rooms,
          shapermc_ecumenical_altar_mp_vishouse, dk_noncrumbling_3
D:2:      layout_rooms, serial_shops, nicolae_shop_waterfront
D:3:      layout_loops_cross, serial_shops, shop,
          hangedman_decor_clover_reticule, lightli_corner_chamber, uniq_ijyb
D:4:      layout_loops_ring, minmay_misc_feat_rugged, uniq_blork_the_orc,
          uniq_grinder
D:5:      layout_cave_pools, minitemple, minmay_temple_entry_grid,
          eino_small_chamber_without_monster, minivault_11, minmay_pentangle,
          uniq_crazy_yiuf_cottage
D:6:      layout_gridville, uniq_edmund, uniq_pikel
D:7:      layout_rooms, gammafunk_ghost_necromancy, uniq_menkaure
D:8:      layout_loops_ring, lair_entry_dummy, worms_lemuel, uniq_gastronok

Skill      XL: |  1  2  3  4  5  6  7  8  9 |
---------------+----------------------------+-----
Shields        | 4 5 6 8 9 |  9.0
Polearms       | 3 4 5 6 7 |  7.3
Armour         | 4 5 6 |  6.3
Fighting       | 4 5 6 |  6.3

Action                   |  1- 3 |  4- 6 |  7- 9 || total
-------------------------+-------+-------+-------++-------
Melee: Trident           |   129 |   141 |   259 ||   529
 Fire: Hand crossbow     |       |       |    16 ||    16
 Abil: Dig               |     1 |     8 |     9 ||    18
       Shaft Self        |       |       |     2 ||     2
  Use: Scroll            |     6 |     1 |     7 ||    14
       Potion            |       |       |     2 ||     2
Armor: Scale mail        |    60 |    23 |       ||    83
       Chain mail        |       |    36 |   106 ||   142
       Skin              |       |       |     1 ||     1
Dodge: Dodged            |    38 |    15 |    75 ||   128
Block: Kite shield       |    69 |    61 |   150 ||   280

Table legend: (Time is in decaauts)
 A = Elapsed time spent in this place.
 B = Non-inter-level travel time spent in this place.
 C = Inter-level travel time spent in this place.
 D = Time resting spent in this place.
 E = Time spent auto-exploring this place.
 F = Levels seen in this place.
 G = Mean time per level.
                   A        B        C        D        E       F      G
               +--------+--------+--------+--------+--------+-----+--------+
         Total |   6266 |   6022 |    244 |    872 |   3728 |   8 |  783.2 |
       Dungeon |   6266 |   6022 |    244 |    872 |   3728 |   8 |  783.2 |
               +--------+--------+--------+--------+--------+-----+--------+

Top non-repeatable levels by time:
     D:3: 1820 daAuts
     D:6: 1239 daAuts
     D:2: 932 daAuts
     D:4: 841 daAuts
     D:1: 707 daAuts
     D:7: 555 daAuts
     D:5: 159 daAuts
     D:8: 10 daAuts
